 Dungeon Crawl Stone Soup version 0.22-a0-266-g5fdf0d7 (webtiles) character file.

2969 ohad the Changer (level 9, -1/80 (81) HPs)
             Began as a Demonspawn Transmuter on Mar 8, 2018.
             Was an Initiate of Okawaru.
             Slain by a wight
             ... wielding a +3 scimitar of freezing
              (4 damage)
             ... on level 9 of the Dungeon.
             The game lasted 00:29:04 (8668 turns).

ohad the Changer (Demonspawn Transmuter)            Turns: 8668, Time: 00:29:05

HP:   -1/80 (81)    AC:  6    Str: 10    XL:     9   Next: 52%
MP:   12/14         EV: 10    Int: 17    God:    Okawaru [......]
Gold: 433           SH:  0    Dex: 15    Spells: 4/14 levels left

rFire    x . .     SeeInvis .     - Unarmed
rCold    + + +     Gourm    .   (shield currently unavailable)
rNeg     . . .     Faith    .   (armour currently unavailable)
rPois    +         Spirit   .   (helmet currently unavailable)
rElec    .         Reflect  .   (cloak currently unavailable)
rCorr    .         Harm     .   (gloves currently unavailable)
MR       .....                  (boots currently unavailable)
Stlth    ++........             (no amulet)
HPRegen  0.23/turn              v - ring of wizardry
MPRegen  0.14/turn              H - ring of stealth

@: ice-form, heavily drained
A: large, demonic guardian 2
a: End Transformation, Renounce Religion


You were on level 9 of the Dungeon.
You worshipped Okawaru.
Okawaru was noncommittal.
You were not hungry.
You were a creature of crystalline ice.
You visited 2 branches of the dungeon, and saw 10 of its levels.

You collected 433 gold pieces.

Inventory:

Hand Weapons
 f - the +9 longbow "Killer Bee's Regret" {velocity, rF- rC+ Dex+6 Stlth+, unknown}
   (You found it on level 6 of the Dungeon)

   Any arrow fired from it inflicts extra damage.
   It affects your dexterity (+6).
   It makes you vulnerable to fire.
   It protects you from cold.
   It makes you more stealthy.
 o - a cursed -3 dagger
 E - a cursed -2 whip
 F - a +0 dagger of venom
 M - a +0 lajatang
 N - the +7 quarterstaff "Cuthruziere" {crush, rElec rC- rN+++ Int+3, unknown}
   (You found it on level 7 of the Dungeon)

   It inflicts extra damage upon your enemies.
   It affects your intelligence (+3).
   It makes you vulnerable to cold.
   It insulates you from electricity.
   It renders you almost immune to negative energy.
Missiles
 a - 3 arrows
 i - 58 bolts
 j - 32 poisoned needles
Armour
 b - a +0 robe (melded)
 g - a +2 pair of boots (melded)
 h - a +0 leather armour
 p - a scarf of spirit shield
 t - a +0 ring mail
 x - a +1 ring mail of positive energy
 z - a cursed -2 buckler
 C - a +2 cloak (melded)
 Q - a +0 shield
Magical Staves
 s - an uncursed staff of air
Jewellery
 v - a ring of wizardry (left front paw)
 H - a ring of stealth (right front paw)
Scrolls
 c - 2 scrolls of blinking
 k - 2 scrolls of teleportation
 l - a scroll of remove curse
 q - 2 scrolls of enchant armour {unknown}
 u - 3 scrolls of enchant weapon {unknown}
 y - 2 scrolls of noise {unknown}
 A - a scroll of immolation {unknown}
 B - 2 scrolls of fear {unknown}
 J - 4 scrolls of identify
 K - a scroll of fog {unknown}
 O - a scroll of holy word {unknown}
 P - a scroll of amnesia {unknown}
 R - a scroll of random uselessness {unknown}
Potions
 e - 2 potions of berserk rage
 m - 2 potions of heal wounds
 n - 5 potions of degeneration
 r - a potion of resistance
 w - 2 potions of magic
 D - 2 potions of might
 G - a potion of haste {unknown}
 I - a potion of ambrosia {unknown}
 L - 2 potions of curing {unknown}
Comestibles
 d - 14 rations
 S - 2 chunks of flesh


   Skills:
 * Level 5.0(3.2) Fighting
 + Level 3.8(2.1) Dodging
 + Level 6.8(5.0) Unarmed Combat
 - Level 3.3(1.6) Spellcasting
 - Level 7.1(5.2) Transmutations
 - Level 4.2(2.5) Ice Magic


You had 4 spell levels left.
You knew the following spells:

 Your Spells              Type           Power        Failure   Level  Hunger
a - Beastly Appendage     Tmut           ###...       1%          1    ##.....
b - Sticks to Snakes      Tmut           ###.....     1%          2    ###....
c - Spider Form           Tmut/Pois      ##........   9%          3    ####...
d - Ice Form              Ice/Tmut       ##......     16%         4    #####..


Dungeon Overview and Level Annotations

Branches:
Dungeon (9/15)             Temple (1/1) D:5
   Lair: D:8-11         Orc: D:9-12

Altars:
Ashenzari
Dithmenos
Elyvilon
Kikubaaqudgha
Makhleb
Okawaru
Sif Muna
Trog
Uskayaw
Wu Jian
Xom
Yredelemnul
The Shining One

Shops:
D:8 (=


Innate Abilities, Weirdness & Mutations

((You have a pair of horns on your head.))
((You are mostly covered in slimy green scales. (AC +3)))
A demonic guardian rushes to your aid.


Message History

You closely miss the wight.
The wight hits you with a scimitar of freezing!
You feel drained.
The wight hits you from afar with a halberd!
You feel drained.
Your orange demon barely misses the wight.
The wight hits you but does no damage.
You punch the wight! You freeze the wight.
The wight is almost destroyed.
The wight hits you with a scimitar of freezing!
* * * LOW HITPOINT WARNING * * *
You feel drained.
* * * LOW HITPOINT WARNING * * *
Your orange demon stings the wight from afar.
The wight hits you but does no damage.
The wight barely misses your orange demon.
The wight hits you with a scimitar of freezing!
* * * LOW HITPOINT WARNING * * *
You feel drained.
You die...

###........รท..#...#.##
##.#...........)...##
#..............##.<.###...#
##.#.......................
####.......................
##.#........................
#.....(........>..|.........
##.#............4...........
###...........Yzz..........
##...........z)z.........
##.......###.#.####......
#....#..## ##### ..#.#
##.###### ## ###


You could see 4 wights and a friendly orange demon.

Vanquished Creatures
  A hippogriff (D:7)
  A water moccasin (D:8)
  A sky beast (D:5)
  3 ice beasts
  2 ogres
  A phantom (D:6)
  2 necrophages
  A water moccasin zombie (D:8)
  4 bullfrogs
  A scorpion (D:5)
  A wight (D:9)
  4 crimson imps
  A bullfrog skeleton (D:5)
  6 hounds
  6 orc wizards
  A gnoll shaman (D:6)
  3 orc priests
  2 jellies
  2 centaur skeletons
  3 worker ants (D:7)
  3 iguanas
  A howler monkey zombie (D:5)
  6 gnolls
  7 adders
  A shadow imp (D:5)
  An ooze (D:7)
  A worm (D:2)
  A dart slug (D:4)
  4 leopard geckos
  14 orcs
  A ball python (D:2)
  7 giant cockroaches
  20 goblins
  3 hobgoblins
  7 jackals
  4 kobolds
  2 quokkas
  4 bats
  6 frilled lizards
  A leopard gecko skeleton (D:7)
  6 rats
146 creatures vanquished.

Vanquished Creatures (collateral kills)
  The ghost of anet the Shooter, an amateur GnWn (D:4)
  A hungry ghost (D:7)
  A water moccasin (D:7)
  An orc warrior (D:6)
  A phantom (D:7)
  An ogre (D:8)
  A crimson imp (D:8)
  A bullfrog zombie (D:8)
  2 hounds (D:7)
  A bullfrog skeleton (D:4)
  A worker ant (D:4)
  Robin (D:1)
  An adder skeleton (D:5)
  A worm (D:4)
  3 orcs
18 creatures vanquished.

Grand Total: 164 creatures vanquished

Notes
Turn   | Place    | Note
-------+----------+-------------------------------------------
     0 | D:1      | ohad the Demonspawn Transmuter began the quest for the Orb.
     0 | D:1      | Reached XP level 1. HP: 15/15 MP: 3/3
    71 | D:1      | Reached skill level 2 in Transmutations
   207 | D:1      | Gained mutation: You are partially covered in slimy green scales. (AC +2) [demonic ancestry]
   207 | D:1      | Reached XP level 2. HP: 13/21 MP: 5/5
   786 | D:1      | Reached skill level 3 in Transmutations
   795 | D:1      | Learned a level 2 spell: Sticks to Snakes
  1092 | D:2      | Mutation became permanent: You have a pair of small horns on your head. [demonic ancestry]
  1092 | D:2      | Gained mutation: You have a pair of horns on your head. [demonic ancestry]
  1092 | D:2      | Reached XP level 3. HP: 25/26 MP: 4/6
  1095 | D:2      | Noticed Robin
  1125 | D:2      | Found an ornate altar of the Wu Jian Council.
  1146 | D:1      | Learned a level 3 spell: Spider Form
  1652 | D:1      | Killed Robin
  2283 | D:2      | Gained mutation: You have a pair of horns on your head. [demonic ancestry]
  2283 | D:2      | Reached XP level 4. HP: 30/32 MP: 7/7
  2377 | D:2      | Found a white marble altar of Elyvilon.
  2448 | D:2      | Found a basalt altar of Yredelemnul.
  2621 | D:3      | Reached skill level 4 in Transmutations
  3001 | D:3      | Reached XP level 5. HP: 34/37 MP: 8/8
  3223 | D:3      | Reached skill level 5 in Transmutations
  3802 | D:4      | Noticed anet's ghost (amateur GnWn)
  3951 | D:4      | Gained mutation: A weak demonic guardian rushes to your aid. [demonic ancestry]
  3951 | D:4      | Reached XP level 6. HP: 26/43 MP: 2/9
  4454 | D:4      | Reached skill level 6 in Transmutations
  4562 | D:4      | Killed anet's ghost
  4926 | D:5      | Entered Level 5 of the Dungeon
  4942 | D:5      | Reached skill level 7 in Transmutations
  4976 | D:5      | Reached XP level 7. HP: 35/48 MP: 6/10
  4992 | D:5      | Learned a level 4 spell: Ice Form
  5094 | D:5      | Reached skill level 1 in Ice Magic
  5523 | D:5      | Found a staircase to the Ecumenical Temple.
  5875 | D:6      | Gained mutation: A demonic guardian rushes to your aid. [demonic ancestry]
  5875 | D:6      | Reached XP level 8. HP: 54/54 MP: 8/12
  5903 | D:6      | Got a jewelled longbow
  7384 | D:7      | Noticed a hippogriff
  7395 | D:7      | Killed a hippogriff
  7403 | D:7      | Reached skill level 5 in Unarmed Combat
  7410 | D:7      | Gained mutation: You are mostly covered in slimy green scales. (AC +3) [demonic ancestry]
  7410 | D:7      | Reached XP level 9. HP: 64/64 MP: 12/14
  7605 | D:7      | Got a brightly glowing quarterstaff
  7768 | D:8      | Found a shadowy altar of Dithmenos.
  7879 | D:8      | Identified Sif Muna's Almanac of Enchantment and the Traveller
  7934 | D:8      | Found Geurus's Antique Weapon Boutique.
  8070 | Temple   | Entered the Ecumenical Temple
  8084 | Temple   | Became a worshipper of Warmaster Okawaru
  8154 | D:8      | Found a flagged portal.
  8481 | D:8      | Found Qixuren's Jewellery Boutique.
  8665 | D:9      | Reached skill level 5 in Fighting
  8668 | D:9      | HP: 3/80 [wight/scimitar of freezing (10)]
  8668 | D:9      | Slain by a wight

Vault maps used:
D:1:      scummos_arrival_simple_crosswalls
D:2:      kennysheep_ying_yang, overflow_temple_1_default, uniq_robin
D:4:      first_ration
D:5:      minmay_temple_entry_from_below_a
D:8:      grunt_dithmenos_smoke_and_mirrors, serial_shops,
          nicolae_shop_behind_doors, nicolae_shop_stone, enter_bailey_2
D:9:      kennysheep_mini, nicolae_overflow_hidden_temple, the_bakery,
          uniq_prince_ribbit1
Temple:   zaba_magenta_temple

Skill      XL: |  1  2  3  4  5  6  7  8  9 |
---------------+----------------------------+-----
Transmutations | 2 3 4 5 7 |  7.1
Ice Magic      | 4 |  4.2
Spellcasting   | 3 |  3.3
Fighting       | 4 5 |  5.0
Unarmed Combat | 5 6 |  6.8
Dodging        | 3 |  3.8

Action                   |  1- 3 |  4- 6 |  7- 9 || total
-------------------------+-------+-------+-------++-------
Melee: Unarmed           |   167 |   160 |   290 ||   617
       Kick              |     1 |       |       ||     1
       Headbutt          |     8 |    18 |    11 ||    37
       Punch             |     1 |     1 |     2 ||     4
 Cast: Beastly Appendage |    10 |       |       ||    10
       Spider Form       |     3 |    12 |     3 ||    18
       Sticks to Snakes  |     2 |     5 |     1 ||     8
       Ice Form          |       |       |    26 ||    26
 Abil: End Transformatio |       |       |     1 ||     1
  Use: Scroll            |       |     3 |     5 ||     8
 Stab: Sleeping          |       |     1 |     3 ||     4
       Distracted        |       |     2 |     2 ||     4
  Eat: Chunk             |     2 |     8 |    14 ||    24
       Ration            |     1 |     1 |     1 ||     3
Armor: Robe              |    61 |    25 |    20 ||   106
       Skin              |     1 |       |    55 ||    56
Dodge: Dodged            |   128 |    78 |   138 ||   344

Table legend:
 A = Spawn XP
 B = Non-spawn XP
 C = Spawn XP percentage of total XP
 D = Spawn monster count
 E = Non-spawn monster count
 F = Spawn count percentage of total count
 G = Total turns spent on level
                    A         B        C        D         E        F      G
               +---------+---------+-------+---------+---------+-------+---------
         Total |       0 |    4242 |   0.0 |       0 |     164 |   0.0 |  8668
               +---------+---------+-------+---------+---------+-------+---------
           D:1 |       0 |      58 |   0.0 |       0 |      22 |   0.0 |  1673
           D:2 |       0 |      40 |   0.0 |       0 |      21 |   0.0 |   928
           D:3 |       0 |     176 |   0.0 |       0 |      24 |   0.0 |  1115
           D:4 |       0 |     373 |   0.0 |       0 |      14 |   0.0 |  1226
           D:5 |       0 |     704 |   0.0 |       0 |      21 |   0.0 |  1028
           D:6 |       0 |     964 |   0.0 |       0 |      23 |   0.0 |  1290
           D:7 |       0 |     809 |   0.0 |       0 |      19 |   0.0 |   606
           D:8 |       0 |    1075 |   0.0 |       0 |      17 |   0.0 |   670
           D:9 |       0 |      43 |   0.0 |       0 |       3 |   0.0 |   104
               +---------+---------+-------+---------+---------+-------+---------
